 Dungeon Crawl Stone Soup version 0.25.1-2-g60ff931df9 (webtiles) character file.

Game seed: 8311651888134081115

1113 hawla the Chopper (level 8, -9/69 HPs)
             Began as a Hill Orc Monk on Sept 27, 2020.
             Killed by nerve-wracking pain
             ... invoked by a shadow imp
              (14 damage)
             ... on level 6 of the Dungeon on Sept 28, 2020.
             The game lasted 00:11:09 (7490 turns).

hawla the Chopper (Hill Orc Monk)                   Turns: 7490, Time: 00:11:09

Health: -9/69      AC: 11    Str: 15    XL:     8   Next: 33%
Magic:  8/8        EV:  8    Int: 10    God:
Gold:   214        SH:  0    Dex: 14    Spells: 7/7 levels left

rFire    + . .     SeeInvis .   d - +2 short sword (venom)
rCold    + . .     Gourm    .   (no shield)
rNeg     . . .     Faith    .   p - +0 chain mail
rPois    +         Spirit   .   (no helmet)
rElec    +         Reflect  .   f - +0 cloak
rCorr    +         Harm     .   (no gloves)
MR       .....                  (no boots)
Stlth    ..........             (no amulet)
HPRegen  0.21/turn              (no ring)
MPRegen  0.11/turn              (no ring)

@: resistant
A: no striking features
a: no special abilities


You were on level 6 of the Dungeon.
You were not hungry.

You visited 1 branch of the dungeon, and saw 6 of its levels.

You collected 214 gold pieces.

Inventory:

Hand Weapons
 a - a +1 hand axe
 b - a +2 flail of holy wrath
 d - a +2 short sword of venom (weapon)
Missiles
 m - 9 boomerangs (quivered)
Armour
 f - a +0 cloak (worn)
 l - a +1 ring mail of magic resistance
 p - a +0 chain mail (worn)
Jewellery
 o - an uncursed amulet of regeneration {unknown}
Scrolls
 g - a scroll of enchant armour
 k - a scroll of identify
Potions
 n - a potion of flight
Comestibles
 c - 8 rations


   Skills:
 + Level 5.6 Fighting
 + Level 0.2 Short Blades
 + Level 7.7(7.8) Axes
 + Level 1.5(4.3) Maces & Flails
 + Level 5.2 Armour
 * Level 4.8 Dodging
 - Level 1.5 Stealth


You had 7 spell levels left.
You didn't know any spells.
Your spell library was empty.

Dungeon Overview and Level Annotations

Branches:
Dungeon (6/15)             Temple (0/1) D:4

Altars:
Elyvilon
Fedhas
Nemelex Xobeh
Okawaru
Wu Jian
Yredelemnul

Annotations:
D:5 3 runed translucent doors, todius's ghost, amateur HOMo
D:6 Blork the orc


Message History

Blork the orc completely misses you.
You feel better. The shadow imp gestures at you. Pain shoots through your body!
Blork the orc hits you with a +0 halberd.
* * * LOW HITPOINT WARNING * * *
The shadow imp gestures at you. Pain shoots through your body!
* * * LOW HITPOINT WARNING * * *
Blork the orc hits you from afar with a +0 halberd!
* * * LOW HITPOINT WARNING * * *
Unknown command.
Blork the orc looks braver for a moment.
The shadow imp gestures at you.
You struggle to resist.
You see here a +0 giant spiked club.
There is an open door here.
The shadow imp gestures at you. Pain shoots through your body!
You die...

#...#######.#
#...# #...#
#...# #...#
#...#######+##
#............#
##...........#
#.......@...#
#...........#
##########'##
#..### ### ### #
##5#8###8###.###
#.o............
#..............
#######........
#........


You could see Blork the orc (inner flame) and a shadow imp (inner flame).

Vanquished Creatures
  Edmund (D:4)
  3 ogres
  A water moccasin zombie (D:5)
  A scorpion (D:4)
  A water moccasin skeleton (D:4)
  A howler monkey (D:5)
  A centaur zombie (D:5)
  A jelly (D:5)
  2 hounds
  2 orc wizards (D:5)
  An iguana (D:4)
  Natasha (thrice) (D:4)
  5 worker ants
  8 adders
  2 worms
  2 dart slugs (D:1)
  3 leopard geckos
  5 orcs
  4 bats
  5 giant cockroaches
  8 goblins
  8 hobgoblins
  11 jackals
  3 quokkas
  3 ball pythons
  3 frilled lizards
  10 kobolds
  A leopard gecko zombie (D:5)
  4 rats
103 creatures vanquished.

Notes
Turn   | Place    | Note
-------+----------+-------------------------------------------
     0 | D:1      | hawla the Hill Orc Monk began the quest for the Orb.
     0 | D:1      | Reached XP level 1. HP: 19/19 MP: 1/1
   125 | D:1      | Reached XP level 2. HP: 11/27 MP: 2/2
   662 | D:1      | Reached XP level 3. HP: 25/33 MP: 3/3
  1512 | D:2      | Found a white marble altar of Elyvilon.
  2159 | D:3      | Reached XP level 4. HP: 36/40 MP: 4/4
  2256 | D:3      | Reached skill level 5 in Axes
  2546 | D:3      | Found a sparkling altar of Nemelex Xobeh.
  2831 | D:2      | Found a blossoming altar of Fedhas.
  3554 | D:3      | Found an ornate altar of the Wu Jian Council.
  3817 | D:4      | Reached skill level 1 in Armour
  3817 | D:4      | Reached XP level 5. HP: 23/47 MP: 5/5
  4228 | D:4      | HP: 2/47 [poisoned by a worker ant]
  4236 | D:4      | HP: 1/47 [poisoned by a worker ant]
  4623 | D:4      | Noticed an ogre
  4636 | D:4      | Killed an ogre
  4636 | D:4      | Reached XP level 6. HP: 39/53 MP: 6/6
  4794 | D:4      | Reached skill level 6 in Axes
  5414 | D:4      | Noticed Natasha
  5422 | D:4      | Killed Natasha
  5422 | D:4      | Reached XP level 7. HP: 49/60 MP: 7/7
  5480 | D:4      | Noticed Natasha
  5494 | D:4      | Killed Natasha
  5620 | D:4      | Noticed Edmund
  5648 | D:4      | Killed Edmund
  5881 | D:4      | Noticed Natasha
  5887 | D:4      | Killed Natasha
  5912 | D:4      | Found a staircase to the Ecumenical Temple.
  5939 | D:4      | Reached skill level 5 in Fighting
  5988 | D:4      | Found an iron altar of Okawaru.
  6012 | D:5      | Entered Level 5 of the Dungeon
  6081 | D:5      | Reached skill level 7 in Axes
  6460 | D:5      | Reached XP level 8. HP: 68/69 MP: 8/8
  6682 | D:5      | Reached skill level 1 in Maces & Flails
  6684 | D:5      | Reached skill level 5 in Armour
  6947 | D:5      | Found a runed translucent gate.
  6948 | D:5      | Found a runed translucent gate.
  6949 | D:5      | Found a runed translucent gate.
  6951 | D:5      | Noticed todius's ghost (amateur HOMo)
  7142 | D:5      | Found a basalt altar of Yredelemnul.
  7444 | D:6      | Noticed Blork the orc
  7471 | D:6      | HP: 1/69 [Blork the orc/+0 halberd (7)]
  7490 | D:6      | Killed from afar by a shadow imp

Illustrated notes

Levels and vault maps discovered:
D:1:      saegor_arrival_simple_c, layout_rooms
D:2:      wad_lake_hut, layout_basic, marbit_many_paths, fedhas_altar_3
D:3:      minmay_skewed_foursquare, layout_basic, nemelex_altar_shiori,
          lemuel_coloured_pillars_altar
D:4:      layout_basic, kennysheep_mini_moat, temple_doors_ab, uniq_natasha,
          uniq_edmund
D:5:      layout_loops_ring, kennysheep_little_box, ebering_ghost_rock_garden,
          first_ration
D:6:      layout_basic, nicolae_dithmenos_the_darkroom, serial_corexii_hall,
          chequers_hall_statues_y, chequers_hall_statues_wall_a,
          uniq_blork_the_orc

Skill      XL: |  1  2  3  4  5  6  7  8 |
---------------+-------------------------+-----
Dodging        | 3 4 |  4.8
Fighting       | 4 5 |  5.6
Axes           | 5 6 7 |  7.7
Armour         | 1 2 3 4 5 |  5.2
Maces & Flails | 1 |  1.5
Short Blades   | |  0.2
Stealth        | |  1.5

Action                   |  1- 3 |  4- 6 |  7- 9 || total
-------------------------+-------+-------+-------++-------
Melee: Hand axe          |   148 |   186 |   104 ||   438
       Flail             |       |       |    24 ||    24
       Short sword       |       |       |    11 ||    11
Throw: Throwing net      |       |     1 |     1 ||     2
       Boomerang         |       |       |     3 ||     3
  Use: Scroll            |     3 |     2 |     7 ||    12
       Potion            |       |       |    10 ||    10
 Stab: Sleeping          |     2 |       |       ||     2
       Distracted        |       |     1 |       ||     1
  Eat: Chunk             |     4 |     7 |     2 ||    13
       Ration            |       |     1 |     2 ||     3
Armor: Robe              |    30 |       |       ||    30
       Leather armour    |     4 |    20 |       ||    24
       Ring mail         |       |    36 |    18 ||    54
       Scale mail        |       |       |    24 ||    24
       Chain mail        |       |       |     7 ||     7
Dodge: Dodged            |   122 |   129 |    77 ||   328
